 Dungeon Crawl Stone Soup version 0.31-a0-277-g31ea1f65cc (webtiles) character file.

Game seed: 6919640580443591888

35291 Aneyh the Phalangite (level 13, -6/76 HPs)
             Began as a Tengu Monk on July 8, 2023.
             Was a High Priest of Hepliaklqana.
             Mangled by a two-headed ogre
             ... wielding a +0 giant club
              (22 damage)
             ... on level 1 of the Orcish Mines on July 16, 2023.
             The game lasted 01:19:07 (17881 turns).

Aneyh the Phalangite (Tengu Monk)                  Turns: 17881, Time: 01:19:08

Health: -6/76      AC:  9    Str: 19      XL:     13   Next: 82%
Magic:  14/14      EV: 40    Int:  5 (11) God:    Hepliaklqana [*****.]
Gold:   2602       SH:  0    Dex: 20 (21) Spells: 9/12 levels left

rFire   + . .        a - +0 bardiche
rCold   . . .        (shield currently unavailable)
rNeg    . . .        R - +1 ring mail of Usigotho {Str+3}
rPois   .            g - +0 hat {Stlth+}
rElec   .            z - +1 cloak {Will+}
rCorr   .            C - +0 pair of gloves
SInv    +            (boots unavailable)
Will    +....        w - amulet of the acrobat
Stlth   +            L - ring of the Hare {EV+10}
HPRegen 0.32/turn    P - ring "Wydinih" {Wiz rF+ Dex+4 SInv Stlth-}
MPRegen 0.14/turn

%: acrobat, wizardry (x1)
@: acrobatic, flying quickly and evasively, quick
A: reduced essence, beak, talons 3, nimble flight, deterioration 1
a: Renounce Religion, Recall Ancestor, Ancestor Identity, Transference, Idealise


You were on level 1 of the Orcish Mines.
You worshipped Hepliaklqana.
Hepliaklqana was extremely pleased with you.
You visited 2 branches of the dungeon, and saw 17 of its levels.
You also visited: Bailey.

You collected 2990 gold pieces.
You spent 388 gold pieces at shops.

Inventory:

Hand Weapons
 a - a +0 bardiche (weapon)
 b - a +0 arbalest
 d - a +1 glaive of distortion
 k - a +2 scimitar of flaming
 v - a +0 trident
 F - a -1 demon whip of venom
 T - a +3 great sword of freezing
Missiles
 O - 4 javelins
Armour
 g - a +0 hat of stealth (worn)
 y - the +1 robe of Rotation {Contam Harm rPois rCorr}
   (You found it on level 3 of the Dungeon)

   rPois:     It protects you from poison.
   Contam:    It causes magical contamination when unequipped.
   rCorr:     It protects you from acid and corrosion.
   Harm:      It increases damage dealt and taken.
 z - a +1 cloak of willpower (worn)
 C - a +0 pair of gloves (worn)
 R - the +1 ring mail of Usigotho (worn) {Str+3}
   (You bought it in a shop on level 8 of the Dungeon)

   Str:       It affects your strength (+3).
 U - the +0 ring mail "Asmazygg" {rElec}
   (You found it on level 8 of the Dungeon)

   rElec:     It insulates you from electricity.
Jewellery
 p - a +4 ring of slaying
 s - a +5 ring of evasion
 w - an amulet of the acrobat (around neck)
 E - a +4 ring of protection
 J - a ring of poison resistance
 L - the ring of the Hare (left hand) {EV+10}
   (You found it in a bailey)

   [ring of evasion]

   EV:        It affects your evasion (+10).
 N - a ring of willpower
 P - the ring "Wydinih" (right hand) {Wiz rF+ Dex+4 SInv Stlth-}
   (You found it in a bailey)

   [ring of wizardry]

   It improves your spell success rate.
   Dex:       It affects your dexterity (+4).
   rF:        It protects you from fire.
   SInv:      It lets you see invisible.
   Stlth:     It makes you less stealthy.
 V - a ring of protection from fire
 W - a +5 ring of evasion
Wands
 x - a wand of flame (13)
 I - a wand of roots (10)
 Q - a wand of polymorph (18)
Scrolls
 j - 5 scrolls of poison
 n - 3 scrolls of immolation
 q - 2 scrolls of enchant armour
 t - a scroll of amnesia {unknown}
 M - 5 scrolls of teleportation
 S - a scroll of revelation
Potions
 c - 2 potions of ambrosia
 e - a potion of magic {unknown}
 f - 5 potions of curing
 i - a potion of mutation {unknown}
 u - 2 potions of resistance
 A - a potion of attraction
 B - 4 potions of enlightenment
 D - 3 potions of brilliance
 G - a potion of haste
 Z - a potion of lignification
Miscellaneous
 m - a sack of spiders


   Skills:
 * Level 11.9 Fighting
 + Level 21.4 Polearms
 - Level 4.0 Dodging
 - Level 3.0 Air Magic


You had 9 spell levels left.
You knew the following spells:

 Your Spells              Type           Power      Damage    Failure   Level
a - Vhi's Electric Charg  Tloc/Air       2%         N/A       50%         3

Your spell library contained the following spells:

 Spells                   Type           Power      Damage    Failure   Level
 Poisonous Vapours        Pois/Air       2%         N/A       28%         2
 Magic Dart               Conj           0%         1d3       34%         1
 Searing Ray              Conj           0%         2d4       45%         2
 Mephitic Cloud           Conj/Pois/Air  1%         N/A       56%         3
 Dazzling Flash           Conj/Hex       0%         N/A       69%         3
 Volatile Blastmotes      Fire/Tloc      0%         2d10      69%         3
 Fulminant Prism          Conj/Hex       0%         3d5       97%         4
 Iskenderun's Mystic Bla  Conj/Tloc      0%         2d3       97%         4
 Arcjolt                  Conj/Air       0%         1d10      99%         5
 Freezing Cloud           Conj/Ice/Air   0%         6-21      99%         5
 Starburst                Conj/Fire      0%         6d3       100%        6
 Maxwell's Capacitive Co  Air            1%         ∞         100%        8


Dungeon Overview and Level Annotations

Branches:
Dungeon (15/15)            Temple (0/1) D:7            Lair (0/5) D:11
    Orc (2/2) D:9             Elf (0/3) Orc:2        Vaults (0/5) D:13
 Bailey (visited)
 Depths: D:15

Altars:
Ashenzari
Dithmenos
Elyvilon
Fedhas
Gozag
Hepliaklqana
Makhleb
Qazlal
Ru
Sif Muna
Vehumet
Xom
Yredelemnul
Zin

Shops:
D:8 [   Orc:1 *

Annotations:
D:1 1 transporter
D:3 2 transporters, innerfire43's ghost, amateur DsMo
D:8 exclusion: oklob plant
D:11 2 runed translucent doors, Starbright's ghost, journeyman FoVM
Orc:1 3 runed translucent doors, voltaire321's ghost, journeyman DsIE
Orc:2 Jorgrun


Innate Abilities, Weirdness & Mutations

Your life essence is reduced to manifest your ancestor. (-10% HP)
You have a beak for a mouth.
You have claws for feet.
Your magical nature lets you fly swiftly and evasively.
Your body sometimes deteriorates upon taking damage.


Message History

Jorgrun gestures at you while chanting.
Roots burst forth from the earth!
The grasping roots grab you! The grasping roots constrict you!
The troll bites you! The troll claws you. x2
The ogre hits you with a +0 giant spiked club.
Septima hits the ogre with a +0 flail!
The two-headed ogre hits you with a +0 giant club!
* * * LOW HITPOINT WARNING * * *
The two-headed ogre hits you with a +0 giant club!
* * * LOW HITPOINT WARNING * * *
Your body deteriorates!
You feel dopey. The grasping roots constrict you. The troll bites you.
* * * LOW HITPOINT WARNING * * *
The troll claws you but does no damage. x2
You can move again.
Okay, then.
You feel much better. The grasping roots constrict you!
Your body deteriorates!
You feel dopey. The ogre barely misses you. The troll closely misses you. x2
The troll completely misses you.
The orc warrior unwields a +0 orcbow.
The orc warrior wields a +0 hand axe.
The orc warrior barely misses you.
Septima hits the ogre with a +0 flail!
The ogre dies!
The ogre mage hits you from afar with a +0 spear!
* * * LOW HITPOINT WARNING * * *
Your body deteriorates!
You feel dopey.
The two-headed ogre completely misses you.
The two-headed ogre barely misses you.
You escape the roots grasp.
The troll misses you. The troll claws you but does no damage.
The troll completely misses you.
You fly upwards.
Level annotation: 3 runed translucent doors, voltaire321's ghost, journeyman DsIE
There is a stone staircase leading down here.
The troll misses you. The troll claws you.
* * * LOW HITPOINT WARNING * * *
The troll misses you.
Septima hits the troll with a +0 flail!
The two-headed ogre completely misses you.
The two-headed ogre hits you with a +0 giant club!!
You die...

##.###.....#..#...#
#...#.........##.####
##........>..##...#.##
..^............#.....#
..................#.##
...#...............##
.............Ro.....#
...............OT#.##
#..>..#...#.....@.##
...#.............#####
...#....#....#....##.##
........###.###.......#
.........#...###......#
....#...#.##.#.##..#.##
........R.####.......##
...#......####........#
........###..#....##.##


You could see the friendly Septima the knight, a two-headed ogre, a troll (ally
target) and an orc warrior.

Vanquished Creatures
  An ettin (D:13)
  A hydra (D:12)
  3 two-headed ogres
  2 centaur warriors
  4 boulder beetles
  2 dancing weapons (D:13)
  A tengu warrior (D:13)
  3 orc knights
  3 deep elf pyromancers
  A cyclops (D:13)
  5 ugly things
  A manticore (D:11)
  Maurice (D:12)
  4 unseen horrors
  An unseen horror (shapeshifter) (D:14)
  An orange demon (D:11)
  A komodo dragon (D:13)
  2 efreet
  A troll (shapeshifter) (D:13)
  3 trolls
  A hornet (D:10)
  Sigmund (D:6)
  8 slime creatures
  2 shadows (D:11)
  22 yaks
  A wyvern (D:8)
  2 wraiths
  A vampire (D:11)
  A hog (D:12)
  6 vampire mosquitoes
  A steam dragon (D:10)
  An acid dragon (D:12)
  5 wargs
  20 orc warriors
  An ice beast (D:6)
  4 black bears
  5 ogres
  2 centaurs
  A kobold brigand (D:8)
  A bullfrog (D:9)
  A gnoll sergeant (D:13)
  5 wights
  9 killer bees
  3 howler monkeys (D:7)
  Crazy Yiuf (D:6)
  2 hounds
  2 jellies
  8 orc priests
  A sleepcap (D:6)
  4 iguanas
  13 orc wizards
  6 gnolls
  5 adders
  A shadow imp (D:7)
  A white imp (D:7)
  An ufetubus (D:6)
  A worm (D:5)
  3 dart slugs
  42 orcs
  5 endoplasms
  2 giant cockroaches
  4 goblins
  7 hobgoblins
  4 quokkas
  6 ball pythons
  3 bats
  6 frilled lizards
  11 kobolds
  3 rats
287 creatures vanquished.

Vanquished Creatures (collateral kills)
  Kirke (D:12)
  Amaemon (D:11)
  2 ugly things
  A gargoyle (D:13)
  A troll (D:9)
  Grinder (D:6)
  A tarantella (shapeshifter) (D:14)
  A slime creature (D:14)
  A shadow (D:13)
  A wraith (D:13)
  4 yaks
  10 orc warriors
  3 ogres (Orc:2)
  Blork the orc (D:6)
  A bullfrog (D:7)
  2 wights
  A killer bee (D:8)
  4 orc priests
  3 orc wizards
  7 orcs
  A kobold (D:8)
48 creatures vanquished.

Vanquished Creatures (others)
  4 humans (D:12)
  13 knights
  2 orcs
19 creatures vanquished.

Grand Total: 354 creatures vanquished

Notes
Turn   | Place    | Note
-------+----------+-------------------------------------------
     0 | D:1      | Aneyh the Tengu Monk began the quest for the Orb.
     0 | D:1      | Reached XP level 1. HP: 14/14 MP: 2/2
    89 | D:1      | Reached XP level 2. HP: 19/19 MP: 3/3
   191 | D:1      | Noticed a golden eye
   198 | D:1      | Found a faded altar of an unknown god.
   201 | D:1      | Noticed a shining eye
   206 | D:1      | Noticed a shining eye
   206 | D:1      | Noticed a great orb of eyes
   220 | D:1      | Reached skill level 4 in Polearms
   750 | D:2      | Reached XP level 3. HP: 18/23 MP: 4/4
  1018 | D:2      | Reached XP level 4. HP: 28/28 MP: 5/5
  1204 | D:3      | Reached skill level 5 in Polearms
  1327 | D:3      | Noticed an ogre
  1349 | D:5      | Entered Level 5 of the Dungeon
  1409 | D:4      | Gained mutation: Your magical nature lets you fly swiftly
                  | and evasively. [Tengu growth]
  1409 | D:4      | Reached XP level 5. HP: 31/33 MP: 6/6
  1445 | D:3      | Killed an ogre
  1461 | D:3      | Found a stormy altar of Qazlal.
  1497 | D:3      | Found a transporter.
  1501 | D:3      | Noticed innerfire43's ghost (amateur DsMo)
  1515 | D:3      | Reached skill level 5 in Fighting
  1773 | D:2      | Reached XP level 6. HP: 40/40 MP: 7/7
  2050 | D:3      | Found a radiant altar of Vehumet.
  2114 | D:3      | Found a transporter.
  2209 | D:3      | Found a white marble altar of Elyvilon.
  2252 | D:3      | Identified the +1 robe of Rotation {Contam Harm rPois
                  | rCorr}
  2439 | D:3      | Found a basalt altar of Yredelemnul.
  2854 | D:5      | Noticed a black bear
  2856 | D:5      | Killed a black bear
  2915 | D:5      | Noticed a black bear
  2921 | D:5      | Killed a black bear
  2922 | D:5      | Reached XP level 7. HP: 40/46 MP: 8/8
  3070 | D:5      | Reached skill level 6 in Polearms
  3145 | D:6      | Found a sacrificial altar of Ru.
  3287 | D:6      | Found a hazy altar of Hepliaklqana.
  3295 | D:6      | Became a worshipper of Hepliaklqana the Forgotten
  3295 | D:6      | Reached * piety under Hepliaklqana
  3295 | D:6      | Reached ** piety under Hepliaklqana
  3296 | D:6      | Remembered your ancestor Septima as a knight
  3482 | D:6      | Found a runed translucent door.
  3483 | D:6      | Noticed Crazy Yiuf
  3601 | D:6      | Noticed Sigmund
  3609 | D:6      | Killed Sigmund
  3610 | D:6      | Reached XP level 8. HP: 37/48 MP: 9/9
  3890 | D:6      | Noticed Blork the orc
  3900 | D:6      | Killed Blork the orc
  4057 | D:6      | Found a shimmering blue altar of Sif Muna.
  4149 | D:6      | Found a glowing silver altar of Zin.
  4153 | D:6      | Noticed Grinder
  4162 | D:6      | Paralysed by Grinder for 3 turns
  4170 | D:6      | Killed Grinder
  4171 | D:6      | Reached skill level 10 in Fighting
  4265 | D:6      | Killed Crazy Yiuf
  4497 | D:7      | Reached XP level 9. HP: 55/55 MP: 10/10
  4987 | D:7      | Reached *** piety under Hepliaklqana
  5023 | D:7      | Reached skill level 7 in Polearms
  5148 | D:7      | Found a staircase to the Ecumenical Temple.
  5321 | D:8      | Reached skill level 8 in Polearms
  5363 | D:8      | Found a flagged portal.
  5392 | Bailey   | Entered a bailey
  5480 | Bailey   | Upgraded the game from 0.31-a0-233-g139696dc86 to
                  | 0.31-a0-237-g2d982f9f85
  5492 | Bailey   | Reached skill level 9 in Polearms
  5912 | Bailey   | Reached skill level 10 in Polearms
  6215 | Bailey   | Reached XP level 10. HP: 35/61 MP: 11/11
  6469 | Bailey   | Reached skill level 11 in Polearms
  6599 | Bailey   | Found the ring of the Hare {EV+10}
  6599 | Bailey   | Noticed an orc knight
  6759 | Bailey   | Killed an orc knight
  6812 | Bailey   | Identified the ring "Wydinih" {Wiz rF+ Dex+4 SInv Stlth-}
  7052 | D:8      | Found Tuehydwue's Armour Boutique.
  7059 | D:8      | Bought the +1 ring mail of Usigotho {Str+3} for 223 gold
                  | pieces
  7070 | D:8      | Gained mutation: Your body sometimes deteriorates upon
                  | taking damage. [mutagenic glow]
  7185 | D:8      | Reached skill level 12 in Polearms
  7302 | D:8      | Identified the +0 ring mail "Asmazygg" {rElec}
  7501 | D:8      | Found a blossoming altar of Fedhas.
  7626 | D:8      | Noticed an oklob plant
  7710 | D:9      | Found a burning altar of Makhleb.
  7902 | D:9      | Upgraded the game from 0.31-a0-237-g2d982f9f85 to
                  | 0.31-a0-263-ge8cad7f256
  8049 | D:9      | Acquired 646 gold pieces
  8050 | D:9      | Acquired a +1 glaive of distortion
  8378 | D:9      | Reached **** piety under Hepliaklqana
  8536 | D:9      | Found a broken altar of Ashenzari.
  8638 | D:9      | Reached skill level 13 in Polearms
  8701 | D:9      | Found a shadowy altar of Dithmenos.
  8782 | D:9      | Found a staircase to the Orcish Mines.
  8995 | D:10     | Entered Level 10 of the Dungeon
  9141 | D:10     | Reached XP level 11. HP: 66/66 MP: 12/12
  9143 | D:10     | Reached skill level 14 in Polearms
  9756 | D:10     | Noticed a two-headed ogre
  9762 | D:10     | Killed a two-headed ogre
  9763 | D:10     | Reached skill level 15 in Polearms
  9783 | D:10     | Found a shimmering altar of Xom.
 10399 | D:11     | Noticed a cyan ugly thing
 10401 | D:11     | Killed a cyan ugly thing
 10457 | D:11     | Noticed Amaemon
 10460 | D:11     | Killed Amaemon
 10461 | D:11     | Reached skill level 16 in Polearms
 10534 | D:11     | Found a staircase to the Lair.
 10798 | D:11     | Learned a level 3 spell: Vhi's Electric Charge
 10869 | D:11     | Noticed a boulder beetle
 10908 | D:12     | Noticed a purple ugly thing
 11570 | D:11     | Killed a boulder beetle
 11571 | D:11     | Reached XP level 12. HP: 63/72 MP: 7/13
 11643 | D:11     | Reached skill level 17 in Polearms
 11643 | D:11     | Reached skill level 1 in Air Magic
 12017 | D:11     | Noticed Starbright's ghost (journeyman FoVM)
 12018 | D:11     | Noticed a lich
 12020 | D:11     | Noticed a frost giant
 12040 | D:11     | Found a runed translucent door.
 12121 | D:11     | Found a runed translucent door.
 12309 | D:11     | Noticed a jorogumo
 12316 | D:11     | a jorogumo changed into a slime creature
 12324 | D:11     | a snapping turtle changed into a skyshark
 12324 | D:11     | Noticed a skyshark (glowing shapeshifter)
 12367 | D:11     | Noticed an anaconda
 12413 | D:12     | Reached ***** piety under Hepliaklqana
 12414 | D:12     | Noticed a two-headed ogre
 12427 | D:12     | Killed a two-headed ogre
 12520 | D:12     | Noticed a two-headed ogre
 12524 | D:12     | Killed a two-headed ogre
 12629 | D:12     | Reached skill level 18 in Polearms
 12834 | D:12     | Noticed Kirke
 12860 | D:12     | Killed Kirke
 13090 | D:12     | Noticed Maurice
 13107 | D:12     | Killed Maurice
 13183 | D:12     | Reached skill level 19 in Polearms
 13271 | D:12     | Noticed a boulder beetle
 13279 | D:12     | Killed a boulder beetle
 13859 | D:13     | Found a gate to the Vaults.
 13863 | D:13     | Noticed an eight-headed hydra
 13995 | D:12     | Killed a 12-headed hydra
 13996 | D:12     | Reached XP level 13. HP: 47/75 MP: 14/14
 14221 | D:13     | Reached skill level 20 in Polearms
 14835 | D:13     | Noticed an ettin
 14846 | D:13     | Killed an ettin
 14931 | D:13     | Upgraded the game from 0.31-a0-263-ge8cad7f256 to
                  | 0.31-a0-277-g31ea1f65cc
 15514 | D:14     | Reached skill level 21 in Polearms
 15707 | D:14     | a human changed into an entropy weaver
 15707 | D:14     | Noticed an entropy weaver (shapeshifter)
 15745 | D:15     | Entered Level 15 of the Dungeon
 16109 | D:14     | Acquired 909 gold pieces
 16269 | D:8      | Bought a +1 cloak of willpower for 165 gold pieces
 16327 | Orc:1    | Entered Level 1 of the Orcish Mines
 17035 | Orc:1    | Found a runed translucent gate.
 17036 | Orc:1    | Found a runed translucent gate.
 17037 | Orc:1    | Found a runed translucent gate.
 17039 | Orc:1    | Found an opulent altar of Gozag.
 17039 | Orc:1    | Noticed voltaire321's ghost (journeyman DsIE)
 17040 | Orc:1    | Found Giemmoic's Assorted Antiques.
 17190 | Orc:2    | Entered Level 2 of the Orcish Mines
 17190 | Orc:2    | Found a staircase to the Elven Halls.
 17474 | Orc:2    | Noticed Jorgrun
 17869 | Orc:2    | Paralysed by an ogre mage for 3 turns
 17881 | Orc:1    | Mangled by a two-headed ogre

Illustrated notes

Levels and vault maps discovered:
D:1:      spicycebolla_arrival_risky_transporter, layout_basic,
          hellmonk_ecumenical_altar_watching_god, hangedman_decor_push
D:2:      kennysheep_big_flooded_room, layout_basic
D:3:      layout_rooms, kennysheep_ying_yang, vehumet_altar_wand_db,
          mainiacjoe_overflow_brackets, gammafunk_ghost_stat_death
D:4:      layout_cave_pools, mainiacjoe_overflow_catwalk,
          kennysheep_slug_shrine, uniq_duvessa, uniq_robin, uniq_pikel
D:5:      layout_cave_pods, ebering_ghost_sewer_f
D:6:      layout_basic, hangedman_ru_absence, zin_academy,
          lemuel_coloured_pillars_altar, general_overflow_altar,
          dreamdust_wishing_well, uniq_crazy_yiuf_cottage, uniq_grinder,
          uniq_blork_the_orc, uniq_sigmund
D:7:      layout_gridville, minmay_temple_entry_from_below_b
D:8:      layout_basic, tgw_fedhas, enter_bailey_2, serial_shops,
          nicolae_shop_waterfront
D:9:      layout_stronghold, mainiacjoe_overflow_tiny_flanked,
          nicolae_ashenzari_skybound, kennysheep_mini, orc_0_dummy
D:10:     layout_loops_corners, lemuel_crystal_altar
D:11:     layout_loops_cross, erik_lair_orcish_takeover,
          muffindrake_ghost_dual_entry, grunt_ministairs_4, uniq_amaemon
D:12:     layout_loops_ring, uniq_kirke, uniq_maurice
D:13:     minmay_connected_boxes_in_corner, layout_long_grid, erik_vaults_1,
          minmay_circle_x
D:14:     layout_basic, nicolae_gozag_seed_capital
D:15:     gammafunk_depths_entry_grave, layout_long_grid,
          chequers_serial_rivers_large_b
Orc:1:    layout_caves, ebering_ghost_gozag, mines2_lemuel
Orc:2:    st_orc_open, layout_caves, serial_shops, shop_coins, uniq_azrael,
          uniq_jorgrun, uniq_snorg

Skill      XL: |  1  2  3  4  5  6  7  8  9 10 11 12 13 |
---------------+----------------------------------------+-----
Polearms       | 4 5 6 10 13 16 19 21 | 21.4
Fighting       | 4 5 6 8 10 11 | 11.9
Dodging        | 4 |  4.0
Air Magic      | 3 |  3.0

Action                     |  1- 3 |  4- 6 |  7- 9 | 10-12 | 13-15 || total
---------------------------+-------+-------+-------+-------+-------++-------
  Melee: Spear             |    92 |    93 |       |       |       ||   185
         Peck              |    13 |    10 |    21 |    74 |    46 ||   164
         Kick              |    15 |    24 |    25 |    98 |    67 ||   229
         Punch             |     1 |     1 |       |       |       ||     2
         Halberd           |       |    23 |   188 |    14 |       ||   225
         Bardiche          |       |       |       |   346 |   244 ||   590
         Glaive            |       |       |       |    10 |       ||    10
         Unarmed           |       |       |       |     8 |       ||     8
   Fire: Orcbow            |       |       |     3 |    13 |       ||    16
         Arbalest          |       |       |       |    16 |     5 ||    21
  Throw: Javelin           |       |       |       |     4 |       ||     4
   Cast: Vhi's Electric Ch |       |       |       |     8 |    17 ||    25
 Invoke: Ancestor Life: Kn |       |       |     1 |       |       ||     1
         Recall Ancestor   |       |       |     2 |     3 |     4 ||     9
  Evoke: Wand              |       |       |       |     6 |       ||     6
    Use: Scroll            |       |     4 |     6 |     7 |     8 ||    25
         Potion            |       |       |     2 |       |     2 ||     4
   Stab: Sleeping          |     4 |     7 |     2 |     4 |       ||    17
         Distracted        |       |       |     1 |     3 |     1 ||     5
         Invisible         |       |       |     5 |       |       ||     5
 Armour: Ring mail         |     8 |     9 |     6 |    37 |    14 ||    74
         Robe              |     1 |       |    19 |       |       ||    20
  Dodge: Dodged            |    43 |    53 |   116 |   298 |   188 ||   698

Table legend: (Time is in decaauts)
 A = Elapsed time spent in this place.
 B = Non-inter-level travel time spent in this place.
 C = Inter-level travel time spent in this place.
 D = Time resting spent in this place.
 E = Time spent auto-exploring this place.
 F = Levels seen in this place.
 G = Mean time per level.
                   A        B        C        D        E       F      G
               +--------+--------+--------+--------+--------+-----+--------+
         Total |  17083 |  16342 |    741 |   5984 |   6858 |  18 |  949.1 |
       Dungeon |  14366 |  13673 |    693 |   4801 |   6151 |  15 |  957.7 |
  Orcish Mines |   1093 |   1046 |     47 |    125 |    651 |   2 |  546.5 |
        Bailey |   1623 |   1623 |      0 |   1058 |     55 |   1 | 1623.0 |
               +--------+--------+--------+--------+--------+-----+--------+

Top non-repeatable levels by time:
     D:9: 1658 daAuts
    D:10: 1656 daAuts
  Bailey: 1623 daAuts
    D:11: 1623 daAuts
    D:12: 1580 daAuts
    D:13: 1377 daAuts
     D:6: 1130 daAuts
     D:1: 988 daAuts
     D:8: 874 daAuts
   Orc:1: 821 daAuts
     D:7: 818 daAuts
     D:3: 802 daAuts
     D:2: 680 daAuts
    D:14: 512 daAuts
     D:4: 277 daAuts
